 Dungeon Crawl Stone Soup version 0.31-a0-152-g6aa68a64a1 (webtiles) character file.

Game seed: 15722347248313832116

962 qw the Skirmisher (level 7, -10/62 HPs)
             Began as a Minotaur Hunter on June 9, 2023.
             Shot with an arrow by a centaur warrior (14 damage)
             ... on level 7 of the Dungeon.
             The game lasted 00:01:31 (3527 turns).

qw the Skirmisher (Minotaur Hunter)                 Turns: 3527, Time: 00:01:32

Health: -10/62     AC:  7    Str: 15    XL:     7   Next: 92%
Magic:  6/6        EV: 12    Int:  6    God:
Gold:   361        SH:  0    Dex: 16    Spells: 6/6 levels left

rFire   . . .        Y - +1 shortbow
rCold   . . .        (shield currently unavailable)
rNeg    . . .        g - +0 ring mail
rPois   .            (helmet restricted)
rElec   .            a - +0 cloak
rCorr   .            b - +0 pair of gloves
SInv    .            (no boots)
Will    .....        (no amulet)
Stlth   +            (no ring)
HPRegen 0.30/turn    (no ring)
MPRegen 0.10/turn

%: no passive effects
@: about to teleport
A: horns 2, retaliatory headbutt
a: no special abilities


You were on level 7 of the Dungeon.
You visited 1 branch of the dungeon, and saw 5 of its levels.
You also visited: Ossuary.

You collected 361 gold pieces.


Innate Abilities, Weirdness & Mutations

You have a pair of horns on your head.
You reflexively headbutt those who attack you in melee.


   Skills:
 + Level 5.8 Fighting
 - Level 9.0 Ranged Weapons
 - Level 2.9 Armour
 - Level 3.0 Dodging
 - Level 0.7 Stealth


You had 6 spell levels left.
You didn't know any spells.
Your spell library was empty.

Inventory:

Hand Weapons
 Y - a +1 shortbow (weapon)
Armour
 a - a +0 cloak (worn)
 b - a +0 pair of gloves (worn)
 g - a +0 ring mail (worn)
Scrolls
 e - a scroll of teleportation
 f - a scroll of identify
Potions
 c - a potion of magic {unknown}
 d - 6 potions of curing
 h - a potion of brilliance {unknown}
 i - a potion of lignification {unknown}
 j - a potion of berserk rage {unknown}
 k - a potion of might {unknown}
 l - a potion of invisibility {unknown}
 m - a potion of heal wounds {unknown}

Dungeon Overview and Level Annotations

Branches:
Dungeon (7/15)            Ossuary (visited)
 Temple: D:4-7

Altars:
Uskayaw
Zin

Shops:
D:4 (

Annotations:
D:7 Dowan, Duvessa


Message History

You shoot an arrow. The arrow hits the centaur!
The centaur is moderately wounded.
The centaur shoots an arrow.
The arrow closely misses you.
The centaur shoots an arrow.
The arrow misses you.
3521 ||| Stepping ~*~*~tactically~*~*~ (outnumbered).
The centaur shoots an arrow.
The arrow closely misses you.
You shoot an arrow.
The arrow hits the centaur but does no damage.
The centaur is moderately wounded.
The centaur unwields a +0 orcbow of flaming.
It stops flaming.
The centaur barely misses you.
The centaur kicks you but does no damage.
You shoot an arrow.
The arrow hits the centaur but does no damage.
The centaur is moderately wounded.
The centaur barely misses you. x2
You shoot an arrow. The arrow hits the centaur!
The centaur is severely wounded.
The centaur hits you but does no damage.
The centaur kicks you but does no damage.
The centaur barely misses you.
The centaur kicks you but does no damage.
A centaur warrior comes into view.
You shoot an arrow. The arrow hits the centaur.
The centaur is almost dead.
The centaur warrior wields a +0 shortbow.
The centaur warrior shoots an arrow.
The arrow hits you!!
The gnoll bouda hits you with a +0 whip.
The centaur hits you but does no damage.
The centaur kicks you but does no damage.
You shoot an arrow. The arrow hits the centaur!
You kill the centaur!
The centaur warrior shoots an arrow.
The arrow hits you!
The gnoll bouda hits you but does no damage.
The centaur warrior shoots an arrow.
The arrow hits you!!
3527 ||| READING 2 scrolls of teleportation.
As you read the scroll of teleportation, it crumbles to dust.
You feel strangely unstable.
The centaur warrior shoots an arrow.
The arrow hits you!
You die...

####################
8........).........#
.........#.........#
.........#......)g.#
........8#......@..#
###'##############c#
....# ..# ....# ..e#
....#


oc.e# )...# ..Y..# ##### ..¤e..# .......# You could see a centaur warrior and a
gnoll bouda.

Vanquished Creatures
  Grinder (D:4)
  A sky beast (D:7)
  A centaur (D:7)
  A kobold brigand (D:7)
  2 scorpions
  2 water moccasin zombies (Ossuary)
  A jelly (D:7)
  Jessica (D:2)
  2 mummies (Ossuary)
  7 gnolls
  4 adders
  An ufetubus (D:4)
  5 adder zombies (Ossuary)
  A worm (D:2)
  3 dart slugs
  6 orcs
  5 ball pythons
  6 bats
  8 endoplasms
  2 giant cockroaches
  3 gnoll zombies (Ossuary)
  2 goblins
  9 hobgoblins
  2 quokkas
  3 frilled lizards
  4 hobgoblin zombies (Ossuary)
  9 kobolds
  4 kobold zombies (Ossuary)
  6 orc zombies (Ossuary)
  4 rats
106 creatures vanquished.

Notes
Turn   | Place    | Note
-------+----------+-------------------------------------------
     0 | D:1      | qw the Minotaur Hunter began the quest for the Orb.
     0 | D:1      | Reached XP level 1. HP: 18/18 MP: 0/0
     0 | D:1      | 0 ||| qw: Version: 0.2-a-122-gbc61b45
     0 | D:1      | 0 ||| qw: Game counter: 3321
     0 | D:1      | 0 ||| qw: Always use a shield: true
     0 | D:1      | 0 ||| qw: God list: Okawaru
     0 | D:1      | 0 ||| qw: Allow faded altars: false
     0 | D:1      | 0 ||| qw: Do Orc after D:15 true
     0 | D:1      | 0 ||| qw: Do second Lair branch before Depths: true
     0 | D:1      | 0 ||| qw: Lair rune preference: random
     0 | D:1      | 0 ||| qw: Plans: Normal
     0 | D:1      | 0 ||| PLANNING D:1-11
   239 | D:1      | Reached XP level 2. HP: 25/25 MP: 1/1
   257 | D:1      | Reached skill level 5 in Ranged Weapons
   384 | D:1      | Found a faded altar of an unknown god.
   591 | D:1      | Reached skill level 3 in Fighting
   703 | D:1      | 703 ||| READING scroll labelled FAARAI QAOBADELAKH.
   704 | D:1      | 704 ||| READING scroll labelled XIZIHU BUMYV.
   705 | D:1      | 705 ||| READING scroll labelled QEQION DYKIFI.
   753 | D:1      | 753 ||| READING scroll labelled NANKYG MAI.
   757 | D:1      | 757 ||| DROPPING scroll of butterflies.
   856 | D:2      | Reached XP level 3. HP: 29/31 MP: 2/2
   909 | D:2      | Noticed Jessica
   912 | D:2      | Killed Jessica
   921 | D:2      | 921 ||| FLEEEEING.
   922 | D:2      | 922 ||| FLEEEEING.
   923 | D:2      | 923 ||| FLEEEEING.
   924 | D:2      | 924 ||| FLEEEEING.
   925 | D:2      | 925 ||| FLEEEEING.
   926 | D:2      | 926 ||| FLEEEEING.
   927 | D:2      | 927 ||| FLEEEEING.
   928 | D:2      | 928 ||| FLEEEEING.
   929 | D:2      | 929 ||| FLEEEEING.
   930 | D:2      | 930 ||| FLEEEEING.
   931 | D:2      | 931 ||| FLEEEEING.
   932 | D:2      | 932 ||| FLEEEEING.
   933 | D:2      | 933 ||| FLEEEEING.
   934 | D:2      | 934 ||| FLEEEEING.
   935 | D:2      | 935 ||| FLEEEEING.
   936 | D:2      | 936 ||| FLEEEEING.
   937 | D:2      | 937 ||| FLEEEEING.
   938 | D:2      | 938 ||| FLEEEEING.
   939 | D:2      | 939 ||| FLEEEEING.
   940 | D:2      | 940 ||| FLEEEEING.
   941 | D:2      | 941 ||| FLEEEEING.
   942 | D:2      | 942 ||| FLEEEEING.
   944 | D:2      | 944 ||| FLEEEEING.
   945 | D:2      | 945 ||| FLEEEEING.
   946 | D:2      | 946 ||| FLEEEEING.
   947 | D:2      | 947 ||| FLEEEEING.
   948 | D:2      | 948 ||| FLEEEEING.
   949 | D:2      | 949 ||| FLEEEEING.
   950 | D:2      | 950 ||| FLEEEEING.
  1134 | D:2      | Reached skill level 6 in Ranged Weapons
  1134 | D:2      | Reached XP level 4. HP: 38/38 MP: 3/3
  1134 | D:2      | 1134 ||| DROPPING +3 sling.
  1400 | D:2      | 1400 ||| UPGRADING to +0 cloak.
  1405 | D:2      | 1405 ||| UPGRADING to +0 pair of gloves.
  1410 | D:2      | 1410 ||| DRINKING 3 fizzy dark potions.
  1411 | D:2      | 1411 ||| DRINKING 2 glowing yellow potions.
  1412 | D:2      | 1412 ||| DROPPING potion of degeneration.
  1443 | D:3      | Noticed a scorpion
  1453 | D:3      | Killed a scorpion
  1454 | D:3      | Reached XP level 5. HP: 19/45 MP: 4/4
  2242 | D:3      | 2242 ||| UPGRADING to +0 ring mail.
  2252 | D:3      | 2252 ||| DROPPING +0 leather armour.
  2253 | D:3      | 2253 ||| READING scroll labelled ZED XEMURPH.
  2354 | D:3      | 2354 ||| READING scroll labelled LUARY XILUQ.
  2376 | D:4      | 2376 ||| PLANNING OSSUARY
  2438 | D:4      | Found Cubbononuxt's Weapon Boutique.
  2483 | D:4      | Found a sand-covered staircase.
  2484 | D:4      | 2484 ||| READING scroll labelled RAHINADOEN.
  2493 | Ossuary  | Entered an ossuary
  2585 | Ossuary  | Reached skill level 7 in Ranged Weapons
  2585 | Ossuary  | Reached XP level 6. HP: 35/52 MP: 5/5
  2585 | Ossuary  | 2585 ||| FLEEEEING.
  2586 | Ossuary  | 2586 ||| FLEEEEING.
  2587 | Ossuary  | 2587 ||| FLEEEEING.
  2588 | Ossuary  | 2588 ||| FLEEEEING.
  2589 | Ossuary  | 2589 ||| FLEEEEING.
  2623 | Ossuary  | 2623 ||| FLEEEEING.
  2624 | Ossuary  | 2624 ||| FLEEEEING.
  2869 | Ossuary  | 2869 ||| READING scroll labelled NATORE GUFFOYM.
  2870 | Ossuary  | 2870 ||| READING scroll labelled YZUTIN JOCSUJU.
  2876 | D:4      | 2876 ||| PLANNING D:1-11
  2947 | D:4      | Found a glowing silver altar of Zin.
  2951 | D:4      | Found a hide-covered altar of Uskayaw.
  2984 | D:4      | Noticed Grinder
  3002 | D:4      | Killed Grinder
  3003 | D:4      | Reached skill level 8 in Ranged Weapons
  3003 | D:4      | Reached XP level 7. HP: 25/59 MP: 6/6
  3108 | D:4      | 3108 ||| Stepping ~*~*~tactically~*~*~ (outnumbered).
  3204 | D:4      | You fall into a shaft and drop 3 floors!
  3363 | D:7      | Reached skill level 3 in Dodging
  3374 | D:7      | Reached skill level 9 in Ranged Weapons
  3516 | D:7      | Noticed Duvessa
  3516 | D:7      | Noticed Dowan
  3517 | D:7      | 3517 ||| Stepping ~*~*~tactically~*~*~ (outnumbered).
  3521 | D:7      | 3521 ||| Stepping ~*~*~tactically~*~*~ (outnumbered).
  3524 | D:7      | Noticed a centaur warrior
  3526 | D:7      | HP: 3/61 [centaur warrior/arrow (25)]
  3527 | D:7      | 3527 ||| READING 2 scrolls of teleportation.
  3527 | D:7      | Shot with an arrow by a centaur warrior

Levels and vault maps discovered:
D:1:      scummos_arrival_simple_fountains, layout_basic,
          chequers_ecumenical_altar_simple_redux
D:2:      layout_basic, dreamdust_wishing_well, uniq_jessica
D:3:      layout_rooms, kennysheep_nondescript, grunt_decor_arrowhead,
          chequers_serial_rivers_micro_a, grunt_decor_mini_mirrors
D:4:      layout_rooms, grunt_temple_overflow_open, enter_ossuary_1,
          serial_shops, shop_fountains, uniq_grinder
D:7:      minmay_klotski, layout_loops_cross, serial_shops, nicolae_shop_stone,
          shop, uniq_pikel, uniq_duvessa, uniq_prince_ribbit1

Skill      XL: |  1  2  3  4  5  6  7 |
---------------+----------------------+-----
Ranged Weapons | 5 6 7 8 9 |  9.0
Fighting       | 3 4 5 |  5.8
Armour         | 2 |  2.9
Dodging        | 3 |  3.0
Stealth        | |  0.7

Action                     |  1- 3 |  4- 6 |  7- 9 || total
---------------------------+-------+-------+-------++-------
   Fire: Shortbow          |    81 |   241 |    51 ||   373
    Use: Scroll            |     4 |     5 |     1 ||    10
         Potion            |       |     2 |       ||     2
 Armour: Leather armour    |     7 |    11 |       ||    18
         Ring mail         |       |    24 |    18 ||    42
  Dodge: Dodged            |    14 |    79 |    18 ||   111

Table legend:
 A = Non-vault XP
 B = Vault XP
 C = Vault XP percentage of total XP
 D = Non-vault monster count
 E = Vault monster count
 F = Vault count percentage of total count
                 A         B        C        D         E       F
            +---------+---------+-------+---------+---------+-------
      Total |     364 |    1011 |  73.5 |      72 |      34 |  32.1
            +---------+---------+-------+---------+---------+-------
        D:1 |      31 |       0 |   0.0 |      18 |       0 |   0.0
        D:2 |      46 |      37 |  44.6 |      17 |       1 |   5.6
        D:3 |     191 |       0 |   0.0 |      18 |       0 |   0.0
        D:4 |      96 |     281 |  74.5 |      19 |       1 |   5.0
        D:7 |       0 |     457 | 100.0 |       0 |       6 | 100.0
    Ossuary |       0 |     236 | 100.0 |       0 |      26 | 100.0
            +---------+---------+-------+---------+---------+-------
